Map: King Sejong Station LE

Players

Mario - Winner!

  • Race: Terran Terran
  • League: Diamond
  • Spawn Location: 5:00

Kain

  • Race: Protoss Protoss
  • League: Diamond
  • Spawn Location: 11:00

VOD

Have the link to the VOD?

Description

Time

  • Played on: Sept. 23, 2016, 6:10 p.m.
  • Length: 21:22
Show
View Real Time Build Order
Export as new Build Order

Mario Terran - Winner!

Build Orders: MMM Bio 

Get SALT Encoding   

  12  0:00  SCV  
  13  0:13  SCV  
  14  0:17  Supply Depot  
  14  0:25  SCV  
  15  0:39  SCV  
  15  0:40  Barracks  
  16  0:44  Refinery  
  16  0:51  SCV  
  17  1:03  SCV  
  18  1:15  SCV  
  19  1:27  SCV  
  19  1:30  Supply Depot, Reaper  
  21  1:39  SCV  
  22  1:49  Command Center  
  22  2:06  Factory  
  22  2:11  Barracks  
  22  2:21  Orbital Command  
  22  2:26  Barracks Reactor  
  22  2:33  Bunker  
  22  2:48  SCV  
  22  2:50  Factory Tech Lab  
  23  3:03  Marine x2  
  25  3:08  Barracks Tech Lab  
  25  3:11  SCV  
  25  3:12  Engineering Bay  
  25  3:30  Marine x2  
  25  3:31  Marine, Siege Tank  
  28  3:59  Marine  
  28  4:00  Marine x2  
  29  4:11  Orbital Command  
  29  4:15  Missile Turret, Terran Infantry Weapons Level 1  
  29  4:22  Refinery  
  29  4:23  Refinery  
  29  4:32  Marine x3  
  29  4:35  SCV  
  33  4:40  SCV  
  34  4:47  SCV  
  34  4:51  Starport  
  35  4:52  SCV  
  35  4:54  Barracks  
  35  4:57  Marine  
  35  4:59  Barracks  
  37  5:15  Marine  
  37  5:16  Stimpack  
  38  5:23  Supply Depot  
  38  5:28  Starport Reactor  
  38  5:42  Command Center  
  38  5:44  Marine x2  
  40  5:53  Siege Tank  
  40  5:56  Barracks Tech Lab  
  43  5:57  Barracks Reactor  
  43  6:00  Marine  
  43  6:02  Marine x2  
  46  6:06  Supply Depot  
  46  6:08  Supply Depot  
  46  6:15  Missile Turret  
  46  6:27  SCV x2  
  48  6:34  Refinery, Supply Depot  
  48  6:36  Terran Infantry Armor Level 1  
  50  6:40  SCV x2  
  50  6:51  Medivac  
  50  6:52  SCV x2, Medivac  
  56  6:56  Supply Depot  
  56  7:04  Missile Turret  
  56  7:08  Marine x2  
  56  7:09  Marauder  
  56  7:11  Marauder, Marine  
  56  7:14  Marine  
  64  7:19  SCV  
  64  7:20  SCV  
  66  7:25  Combat Shields  
  66  7:26  Concussive Shells  
  66  7:32  Liberator x2  
  66  7:34  Marine x2, Marauder  
  70  7:46  Marine x2  
  78  7:52  Supply Depot  
  78  7:56  Engineering Bay  
  78  8:02  Armory  
  76  8:27  Marauder  
  76  8:28  Marine x2, Marauder  
  51  8:48  Marine x3  
  49  8:49  Marauder x2  
  56  8:58  SCV x2  
  58  9:05  Terran Infantry Weapons Level 2  
  58  9:10  Marauder x2  
  58  9:13  Terran Infantry Armor Level 2  
  62  9:24  Marine x3  
  65  9:32  Marauder x2  
  65  9:37  Marine  
  70  9:42  Marine x2  
  72  9:53  Marauder x2  
  73  10:06  Medivac x2  
  77  10:10  Starport  
  77  10:12  Orbital Command  
  77  10:13  Starport  
  77  10:15  SCV  
  77  10:16  SCV  
  76  10:25  Marauder  
  76  10:26  Marauder, Marine x2  
  82  10:33  Siege Tank  
  85  10:36  Liberator x2  
  85  10:37  Terran Vehicle And Ship Armor Level 1  
  85  10:43  Fusion Core, SCV  
  85  10:44  SCV x2  
  88  10:54  Starport Tech Lab  
  88  10:56  SCV  
  95  11:00  Starport Reactor  
  95  11:06  SCV x2  
  95  11:08  SCV  
  98  11:19  Supply Depot  
  98  11:21  Supply Depot  
  98  11:23  Liberator  
  98  11:28  Siege Tank  
  98  11:32  Advanced Ballistics  
  101  11:40  Medivac x2  
  108  11:47  Orbital Command  
  108  11:48  Marine x2, Marauder  
  108  11:49  Marauder, Marine x2  
  116  11:54  Supply Depot x2  
  116  11:58  Liberator  
  116  12:06  Marine, Liberator  
  117  12:09  Liberator  
  117  12:15  Marine, SCV x2  
  117  12:16  Marauder  
  125  12:28  SCV x2  
  133  12:30  Refinery  
  133  12:31  Refinery  
  133  12:34  Missile Turret  
  133  12:43  Liberator  
  133  12:44  Supply Depot  
  133  12:47  Supply Depot  
  133  12:49  Missile Turret  
  133  13:00  SCV x3  
  133  13:02  Terran Infantry Weapons Level 3  
  138  13:15  Terran Infantry Armor Level 3  
  138  13:29  Marine, Marauder x2  
  138  13:30  Marine  
  144  13:37  Siege Tank  
  147  13:50  Marauder  
  147  13:51  Marauder  
  141  14:12  Marauder  
  136  14:29  Marine  
  136  14:30  Marine x4  
  120  14:32  Liberator x5  
  120  14:33  Marine  
  77  14:47  Marine x3  
  77  14:48  Marine x2  
  77  14:50  Marine  
  98  15:05  Marine x2  
  100  15:11  Orbital Command  
  100  15:14  Liberator x2  
  100  15:15  Liberator  
  100  15:27  Marine, Marauder  
  100  15:28  Marauder, Marine x3  
  117  15:45  Marine  
  117  15:49  Marauder x2  
  122  16:03  Liberator x2  
  122  16:04  Liberator x2  
  122  16:05  Marine x4  
  122  16:10  Marauder x2  
  130  16:23  Marine x2  
  144  16:32  Marauder x2, Marine x2  
  147  16:39  Barracks  
  140  16:40  Marine  
  140  16:41  Barracks, Marine  
  140  16:42  Barracks  
  140  16:44  Barracks  
  136  16:50  Marine x2  
  136  16:53  Marauder x2  
  142  16:58  Marine  
  141  17:14  Marauder x2  
  124  17:32  Medivac x5  
  124  17:36  Marauder x2  
  126  17:53  Marine x2  
  126  17:54  Marine x2  
  126  17:57  Marauder x2  
  106  18:02  Medivac  
  102  18:11  Marine x4  
  104  18:17  Marine x4  
  104  18:18  Marauder  
  104  18:19  Marauder  
  112  18:20  SCV x3  
  105  18:29  Marine x4  
  105  18:32  SCV x3  
  102  18:34  Marine  
  102  18:35  Marine x3  
  102  18:40  Marauder x2  
  110  18:46  Liberator x2  
  110  18:47  Marine x4, Liberator  
  114  18:52  Marine x3  
  114  18:53  Marine  
  111  19:01  Marauder x2  
  115  19:05  Marine x4  
  115  19:08  Liberator  
  128  19:10  Marine x4  
  132  19:22  Marine x2  
  132  19:23  Marine x2, Marauder x2  
  137  19:28  Marine x4  
  134  19:40  Marine  
  134  19:42  Marine x2  
  134  19:43  Marine  
  134  19:44  Marauder x2  
  142  19:46  Marine x4, Refinery  
  142  19:47  Refinery  
  146  19:53  Orbital Command  
  146  19:57  Liberator x2  
  146  19:58  Marine  
  147  20:05  Marauder  
  147  20:06  Marauder  
  157  20:35  Marine  
  157  20:36  Marauder, Refinery  
  157  20:39  Refinery  
  157  20:46  Marine x3  
  157  20:49  Marine x2  
  157  20:50  Marauder  
  139  20:57  Marauder  
Show
View Real Time Build Order
Export as new Build Order

Kain Protoss 

Build Orders:  

Get SALT Encoding   

  12  0:00  Probe (Chrono Boost)  
  13  0:11  Probe (Chrono Boost)  
  14  0:17  Pylon  
  14  0:22  Probe (Chrono Boost)  
  15  0:35  Gateway  
  15  0:37  Probe (Chrono Boost)  
  16  0:44  Assimilator  
  16  0:48  Probe (Chrono Boost)  
  17  0:59  Probe (Chrono Boost)  
  18  1:09  Gateway  
  18  1:13  Assimilator  
  18  1:17  Probe (Chrono Boost)  
  19  1:23  Cybernetics Core  
  19  1:30  Assimilator  
  19  1:40  Pylon  
  19  1:42  Probe (Chrono Boost)  
  20  1:52  Probe (Chrono Boost)  
  23  2:02  Stalker (Chrono Boost)  
  23  2:04  Stalker (Chrono Boost)  
  25  2:12  Probe  
  25  2:13  Warp Gate  
  27  2:31  Stalker (Chrono Boost)  
  27  2:32  Stalker (Chrono Boost)  
  27  2:33  Probe  
  30  2:40  Pylon  
  34  2:58  Stalker (Chrono Boost)  
  34  3:02  Stalker (Chrono Boost)  
  34  3:06  Mothership Core  
  34  4:02  Probe  
  29  4:06  Robotics Facility  
  29  4:19  Gateway  
  29  4:29  Nexus  
  29  4:33  Stalker x2  
  33  4:43  Probe  
  34  4:50  Pylon  
  34  4:53  Pylon  
  34  5:00  Observer (Chrono Boost)  
  34  5:14  Stalker  
  34  5:15  Stalker  
  38  5:27  Stalker  
  44  5:36  Immortal (Chrono Boost), Probe  
  45  5:43  Probe  
  45  5:44  Pylon  
  45  5:48  Probe  
  47  5:52  Pylon  
  47  5:54  Probe  
  48  6:00  Probe  
  49  6:05  Probe  
  50  6:11  Robotics Bay  
  50  6:12  Probe  
  50  6:15  Probe  
  56  6:19  Immortal (Chrono Boost)  
  56  6:24  Probe  
  57  6:32  Probe  
  57  6:36  Probe  
  58  6:45  Probe  
  59  6:47  Forge, Extended Thermal Lance (Chrono Boost)  
  59  6:48  Probe  
  59  6:52  Observer (Chrono Boost)  
  61  7:02  Probe  
  61  7:03  Probe  
  63  7:12  Colossus (Chrono Boost), Assimilator  
  63  7:14  Probe  
  70  7:21  Protoss Ground Weapons Level 1  
  70  7:30  Stalker  
  70  7:32  Probe x2  
  70  7:35  Assimilator  
  74  7:43  Pylon  
  74  7:44  Probe, Pylon  
  75  7:46  Pylon  
  75  7:49  Gateway  
  75  7:51  Gateway  
  75  7:53  Stalker  
  75  7:57  Probe  
  75  7:58  Probe  
  79  8:05  Colossus (Chrono Boost)  
  85  8:09  Probe  
  86  8:25  Stalker  
  86  8:26  Stalker x2  
  74  8:47  Probe x2  
  76  8:51  Colossus (Chrono Boost)  
  82  9:08  Nexus  
  82  9:09  Pylon  
  82  9:10  Forge  
  82  9:12  Pylon  
  82  9:13  Twilight Council  
  68  9:56  Probe x2  
  68  9:58  Stalker x2  
  71  10:08  Probe  
  71  10:18  Blink  
  71  10:20  Probe x2  
  73  10:28  Protoss Ground Weapons Level 2 (Chrono Boost), Protoss Ground Armor Level 1 (Chrono Boost)  
  73  10:31  Colossus (Chrono Boost)  
  73  10:32  Probe  
  73  10:33  Probe x2  
  82  10:43  Probe  
  82  10:44  Probe  
  82  10:45  Probe  
  85  10:54  Stalker  
  87  11:12  Stalker x2  
  87  11:13  Stalker x2  
  87  11:15  Probe  
  87  11:16  Probe x2  
  98  11:20  Zealot, Observer  
  101  11:34  Gateway x2  
  101  11:37  Gateway  
  101  11:42  Probe x3  
  101  11:45  Zealot  
  106  11:52  Immortal  
  110  11:56  Probe x3  
  113  12:04  Templar Archives  
  114  12:08  Probe x3  
  116  12:17  Pylon  
  116  12:18  Protoss Ground Armor Level 2 (Chrono Boost)  
  116  12:24  Assimilator  
  116  12:36  Protoss Ground Weapons Level 3 (Chrono Boost)  
  120  12:37  Immortal  
  120  12:45  Pylon  
  120  12:46  Psionic Storm  
  120  12:47  Pylon  
  120  12:49  Pylon  
  120  12:50  High Templar  
  120  12:51  Pylon  
  122  13:00  Assimilator, High Templar x3  
  128  13:09  Stalker x2  
  128  13:10  Stalker  
  134  13:20  Immortal  
  134  13:22  Probe x2  
  134  13:23  Probe  
  141  13:34  Probe  
  142  13:42  High Templar x2  
  142  14:05  Archon x2  
  142  14:16  Stalker x3  
  142  14:17  Stalker x3  
  116  14:50  Probe x3  
  119  14:55  Protoss Ground Armor Level 3 (Chrono Boost)  
  119  14:56  Protoss Shields Level 1 (Chrono Boost)  
  119  15:04  Robotics Facility  
  119  15:11  Pylon  
  119  15:12  Immortal  
  119  15:13  Nexus  
  123  15:15  Sentry x2  
  123  15:18  Pylon x2  
  127  15:21  Stalker  
  127  15:23  Zealot x2  
  127  15:24  Zealot x3  
  139  15:38  Photon Cannon  
  139  15:40  Photon Cannon  
  139  15:44  Photon Cannon  
  139  15:45  Photon Cannon  
  139  15:50  Charge  
  140  15:57  Observer x2  
  140  16:00  Nexus  
  140  16:01  Observer Gravitic Boosters  
  140  16:02  Pylon  
  141  16:05  Pylon  
  141  16:09  Stalker  
  141  16:10  Stalker  
  145  16:14  Pylon  
  145  16:16  Stalker  
  145  16:17  Stalker x2  
  136  16:44  Warp Prism  
  138  17:02  Assimilator  
  138  17:04  Assimilator  
  138  17:14  Stalker  
  138  17:15  Stalker x4  
  146  17:16  Stalker x2  
  140  17:36  Stalker  
  138  17:38  High Templar  
  87  18:11  Stalker x5  
  87  18:12  Stalker x3  
  92  18:40  Stalker  
  92  18:41  Stalker  
  96  18:47  Stalker x2  
  96  18:48  Stalker  
  90  18:59  Stalker  
  90  19:01  Zealot x2  
  96  19:25  Zealot x4  
  96  19:26  Zealot x3  
  96  19:27  Zealot  
  106  19:42  Probe  
  106  19:43  Probe x2  
  109  19:52  High Templar x2  
  113  19:54  Zealot x2  
  113  19:55  Zealot x4  
  125  20:08  Probe x2  
  125  20:10  Probe x2  
  129  20:15  Stalker  
  129  20:16  Stalker x2  
  129  20:18  High Templar  
  137  20:32  Zealot x3  
  96  21:06  Stalker x3  
  96  21:07  Zealot, Stalker  
  96  21:08  Zealot x3  
Tags
 
Add a new tag
Caveats
  • Supply blocks, unpowered buildings, or Contaminate may cause inaccurate times.
  • Supply counts are checked every 10 seconds.